AoeStats
← Pwncakes

Pilgrims

508002325Analyzed
2v2 RM · 11d ago on Sep 20, 2026· 48m 45s· 4 players
Game mode
Random Map
Map size
Medium (4 player)
Population
200
Speed
Normal
Resources
Standard
Victory
Conquest
Starting age
Dark Age
Ending age
Imperial Age
RankedLock teamsTeams togetherTeam positionsShared explorationLock speedFull tech treeHidden civsTurbo modeCheats
Victory
Defeat
🇺🇸 Armenians · United States
1334
+15
1259
+18
🇨🇭 Armenians · Switzerland
1404
-20
🇨🇭 Persians · Switzerland
1214
-13
^^6-=MajorEjac****=-
5:02 Loom
5:56 Loom
9:46 Feudal Age
14:16 Castle Age
12:48 Double-Bit Axe
13:43 Scale Mail Armor
20:17 Wheelbarrow
19:55 Squires
20:55 Horse Collar
22:35 Sanctity
24:08 Fervor
24:40 Arson
27:02 Forging
27:11 Heavy Plow
27:56 Gold Mining
28:28 Bow Saw
29:55 Hand Cart
29:43 Stone Mining
31:27 Town Watch
34:33 Imperial Age
32:31 Ballistics
32:36 Chain Mail Armor
33:10 Masonry
32:44 Man-at-Arms
33:09 Gambesons
33:27 Fletching
34:13 Iron Casting
34:04 Bodkin Arrow
33:37 Long Swordsman
35:23 Fereters
34:40 Two-Handed Swordsman
36:23 Blast Furnace
35:56 Plate Mail Armor
36:22 Conscription
38:04 Blast Furnace
37:32 Champion
39:18 Elite Composite Bowman
41:45 Bracer
43:15 Padded Archer Armor
Natriumdioxid
9:19 Loom
12:37 Feudal Age
15:13 Horse Collar
21:02 Castle Age
19:23 Double-Bit Axe
20:25 Scale Barding Armor
21:34 Husbandry
21:46 Forging
26:23 Iron Casting
27:41 Chain Barding Armor
37:24 Imperial Age
34:55 Light Cavalry
35:45 Bloodlines
40:58 Stone Mining
41:00 Gold Mining
42:27 Cavalier
43:53 Gold Shaft Mining
44:08 Heavy Scorpion
Pwncakes
10:15 Feudal Age
11:13 Double-Bit Axe
11:20 Loom
12:44 Fletching
15:25 Castle Age
15:31 Forging
16:44 Medium Warships
16:32 Stone Mining
16:53 Bow Saw
18:42 Atonement
18:55 Bodkin Arrow
20:00 Fervor
21:12 Wheelbarrow
21:03 Ballistics
20:52 Gold Mining
24:04 Sanctity
24:28 Fishing Lines
25:55 Gillnets
28:15 Hand Cart
29:41 Masonry
32:45 Imperial Age
33:48 Conscription
33:36 Fereters
32:55 Pikeman
33:37 Squires
33:38 Scale Mail Armor
34:13 Iron Casting
34:11 Town Watch
33:49 Halberdier
34:47 Padded Archer Armor
35:06 Chain Mail Armor
34:19 Halberdier
35:39 Arson
35:52 Man-at-Arms
37:09 Gold Shaft Mining
36:24 Horse Collar
37:12 Heavy Plow
38:02 Plate Mail Armor
38:32 Blast Furnace
38:14 Theocracy
37:55 Block Printing
40:07 Blast Furnace
39:08 Bracer
39:23 Leather Archer Armor
41:30 Chemistry
41:08 Long Swordsman
42:20 Ring Archer Armor
41:13 Elite Composite Bowman
42:29 Hoardings
41:42 Capped Ram
44:31 Illumination
44:44 Coinage
44:10 Siege Ram
45:47 Two-Handed Swordsman
46:13 Gambesons
46:54 Champion
UF.Divine.Retirado.EscalaAnark
1:16 Loom
9:49 Feudal Age
15:48 Castle Age
15:03 Double-Bit Axe
17:15 Wheelbarrow
21:01 Hand Cart
21:44 Fishing Lines
24:38 Bow Saw
25:07 Horse Collar
26:23 Town Watch
29:25 Squires
32:54 Imperial Age
30:20 Arson
30:28 Gold Mining
31:31 Fletching
31:43 Scale Mail Armor
31:53 Forging
34:06 Conscription
34:26 Gold Shaft Mining
34:43 Iron Casting
34:24 Chain Mail Armor
35:00 Elite Samurai
39:22 Plate Mail Armor
42:00 Blast Furnace
41:13 Stone Mining
42:16 Pikeman
Connection lost

Rejoining the realm…

Still unreachable

The connection could not be restored.

Session expired

The server has moved on; the page needs a fresh start.